 Dungeon Crawl Stone Soup version 0.18.1-8-gdd0e5ea (webtiles) character file.

3211 GordonOverkill the Basher (level 10, -6/79 HPs)
             Began as a Formicid Abyssal Knight on May 29, 2016.
             Was a High Priest of Lugonu.
             Killed from afar by a manticore (17 damage)
             ... with a volley of spikes
             ... on level 8 of the Dungeon.
             The game lasted 00:33:46 (8934 turns).

GordonOverkill the Basher (Formicid Abyssal Knight) Turns: 8934, Time: 00:33:47

Health: -6/79      AC: 12    Str: 21    XL:     10   Next: 17%
Magic:  10/11      EV:  7    Int: 11    God:    Lugonu [*****.]
Gold:   375        SH:  4    Dex: 10    Spells: 0 memorised, 9 levels left

rFire  + . .     SeeInvis +     a - +2 mace
rCold  . . .     Gourm    .     l - +1 chain mail {rF+}
rNeg   . . .     Faith    .     E - +0 buckler
rPois  .         Spirit   .     (helmet unavailable)
rElec  .         Dismiss  .     (no cloak)
rCorr  .         Reflect  .     (no gloves)
SustAt .         Harm     .     g - +2 pair of boots
MR     +....                    t - amulet of regeneration
Stlth  ..........               x - ring of flight
                                y - ring of teleportation (curse)

@: manticore barbs, somewhat resistant to hostile enchantments, extremely
unstealthy
A: permanent stasis, dig shafts and tunnels, four strong arms, antennae 3
a: Dig, Shaft Self, Depart the Abyss, Bend Space, Banish, Corrupt, Enter the
Abyss, Renounce Religion, Evoke Flight


You were on level 8 of the Dungeon.
You worshipped Lugonu.
Lugonu was extremely pleased with you.
You were not hungry.

You visited 2 branches of the dungeon, and saw 9 of its levels.
You visited the Abyss 1 time.
You also visited: Sewer and Ossuary.

You collected 375 gold pieces.

Inventory:

Hand Weapons
 a - a +2 mace (weapon)
Armour
 g - a +2 pair of boots (worn)
 l - a +1 chain mail of fire resistance (worn)
 E - a +0 buckler (worn)
Jewellery
 n - an uncursed ring of resist corrosion
 p - a +5 amulet of reflection
 t - an amulet of regeneration (around neck)
 x - a ring of flight (right hand)
 y - a cursed ring of teleportation (left hand)
 B - an uncursed amulet of the gourmand {unknown}
Wands
 e - a wand of confusion (11/48)
Scrolls
 m - 2 scrolls of enchant armour
 r - 2 scrolls of remove curse
 A - a scroll of magic mapping
Potions
 b - 2 potions of lignification
 d - 9 potions of curing
 i - 2 potions of cancellation
 j - 2 potions of agility
 k - a potion of beneficial mutation {unknown}
 o - 2 potions of might
 s - 2 potions of brilliance
 u - 3 potions of flight
 w - 3 potions of heal wounds
 z - 3 potions of cure mutation
 C - a potion of ambrosia {unknown}
 D - 2 potions of mutation {unknown}
 G - 3 potions of haste
 I - a potion of resistance {unknown}
Comestibles
 c - 7 bread rations
 f - a fruit
 h - 2 beef jerkies
 q - 4 chunks of flesh
 v - a meat ration
 F - a royal jelly


   Skills:
 - Level 7.0 Fighting
 + Level 11.8 Maces & Flails
 + Level 2.1 Armour
 - Level 0.8 Dodging
 - Level 4.0 Shields
 - Level 2.1 Invocations


You had 9 spell levels left.
You didn't know any spells.

Dungeon Overview and Level Annotations

Branches:
Dungeon (8/15)             Temple (1/1) D:7
   Lair: D:8-11

Altars:
Ashenzari
Cheibriados
Fedhas
Makhleb
Nemelex Xobeh
Okawaru
Pakellas
Qazlal
Ru
Trog
Vehumet
Xom
Yredelemnul
Zin
The Shining One


Innate Abilities, Weirdness & Mutations

You are under a permanent stasis effect.
You can dig through walls and to a lower floor.
Your four strong arms can wield two-handed weapons with a shield.
You have a pair of large antennae on your head (SInv).


Message History

You block the manticore's attack.
Drink which item? (? for menu, Esc to quit)
You feel much better.
The manticore bites you but does no damage.
The manticore claws you!
* * * LOW HITPOINT WARNING * * *
The manticore barely misses you.
Drink which item? (? for menu, Esc to quit)
You feel much better. The manticore bites you!
* * * LOW HITPOINT WARNING * * *
The manticore claws you but does no damage. x2
Space bends around you!
You blink.
* * * LOW HITPOINT WARNING * * *
You feel slightly more hungry.
Are you sure you want to shaft yourself?
You feel somewhat more hungry.
The manticore flicks its tail.
The volley of spikes hits you!
The barbed spikes become lodged in your body.
You die...

.(......# .####...#
#.P.P ######.## ##...
.......# #..(.
.####..# #..P .# #.)#
#.P. .# #..# #..# .#
#.<########..# { .#
#..##.......@#######
.#
#..#.#.#####........
.#
#...###.........#..#
.# ##.#.#.#####...##
.# ####.######..#.#
.########.......H..#.#
.......##.######..###.
.###...?.... ..## #.
.......##.## ##..


You could see a manticore.

Vanquished Creatures
  Pikel (D:4)
  Sigmund (D:3)
  The ghost of Dickchan the Shooter, an amateur CeHu (Sewer)
  Eustachio (D:4)
  An ogre (D:4)
  A slave (D:4)
  An ice beast (D:5)
  A phantom (D:7)
  2 centaurs
  3 big kobolds
  A wyvern zombie (D:7)
  A giant frog (D:7)
  A gnoll sergeant (D:5)
  2 wyvern skeletons
  A scorpion (D:6)
  A crimson imp (D:7)
  A centaur skeleton (D:5)
  A centaur zombie (Ossuary)
  6 orc wizards
  An orc priest (D:7)
  3 giant frog skeletons
  9 worker ants
  A big kobold zombie (Ossuary)
  A hound zombie (D:7)
  6 mummies
  17 gnolls
  15 adders
  2 howler monkey skeletons (D:6)
  9 river rats (Sewer)
  4 oozes
  An adder zombie (D:8)
  An adder skeleton (D:5)
  4 worms
  A dart slug (D:1)
  10 giant geckos
  16 orcs
  8 ball pythons
  3 giant cockroaches
  A gnoll zombie (Ossuary)
  13 goblins
  9 hobgoblins
  8 jackals
  A quokka (D:4)
  12 bats
  A giant cockroach zombie (D:5)
  A giant gecko zombie (D:4)
  5 giant newts
  A goblin zombie (Ossuary)
  A hobgoblin zombie (Ossuary)
  26 kobolds
  3 kobold zombies
  2 orc zombies
  26 rats
250 creatures vanquished.

Vanquished Creatures (others)
  A slave (D:4)
  A giant cockroach (D:4)
  A giant newt (D:4)
  A rat (D:4)
4 creatures vanquished.

Grand Total: 254 creatures vanquished

Notes
Turn   | Place    | Note
--------------------------------------------------------------
     0 | Abyss:1  | GordonOverkill the Formicid Abyssal Knight began the quest for the Orb.
     0 | Abyss:1  | Reached XP level 1. HP: 18/18 MP: 2/2
    64 | Abyss:1  | Noticed a small abomination
    96 | Abyss:2  | Noticed a raiju
    96 | Abyss:2  | Noticed a raiju
    96 | Abyss:2  | Noticed a raiju
    96 | Abyss:2  | Noticed a raiju
    96 | D:1      | Escaped the Abyss
   196 | D:1      | Reached XP level 2. HP: 24/24 MP: 3/3
   275 | D:1      | Reached * piety under Lugonu
   436 | D:1      | Reached skill level 3 in Maces & Flails
   580 | D:1      | Reached XP level 3. HP: 27/29 MP: 4/4
  1307 | D:2      | Reached XP level 4. HP: 31/35 MP: 5/5
  1309 | D:2      | Reached skill level 4 in Maces & Flails
  1319 | D:2      | Reached ** piety under Lugonu
  1354 | D:2      | Found a shattered altar of Ashenzari.
  1559 | D:2      | Found a sacrificial altar of Ru.
  2285 | D:3      | Found a stormy altar of Qazlal.
  2351 | D:2      | Reached XP level 5. HP: 29/41 MP: 6/6
  2568 | D:3      | Reached skill level 5 in Maces & Flails
  2938 | D:3      | Reached *** piety under Lugonu
  2951 | D:3      | Noticed Sigmund
  2969 | D:3      | Killed Sigmund
  2969 | D:3      | Reached skill level 6 in Maces & Flails
  2969 | D:3      | Reached XP level 6. HP: 40/47 MP: 7/7
  3347 | D:3      | Reached XP level 7. HP: 49/52 MP: 8/8
  3609 | D:4      | Reached skill level 7 in Maces & Flails
  3714 | D:4      | Noticed Pikel
  3786 | D:4      | Killed Pikel
  3786 | D:4      | Reached skill level 9 in Maces & Flails
  3786 | D:4      | Reached XP level 8. HP: 46/58 MP: 9/9
  3802 | D:4      | Found a glowing drain.
  3811 | Sewer    | Entered a sewer
  3844 | Sewer    | Noticed Dickchan's ghost (amateur CeHu)
  3877 | Sewer    | Killed Dickchan's ghost
  3983 | Sewer    | Reached **** piety under Lugonu
  4302 | Sewer    | Reached skill level 10 in Maces & Flails
  4502 | Sewer    | Reached ***** piety under Lugonu
  4962 | D:4      | Reached XP level 9. HP: 65/65 MP: 10/10
  4989 | D:4      | Noticed Eustachio
  5051 | D:4      | Killed Eustachio
  5051 | D:4      | Reached skill level 5 in Fighting
  5112 | D:4      | Found an oddly glowing altar of Pakellas.
  5395 | D:5      | Entered Level 5 of the Dungeon
  6151 | D:6      | Reached skill level 11 in Maces & Flails
  6199 | D:6      | Found a sand-covered staircase.
  6209 | Ossuary  | Entered an ossuary
  6311 | Ossuary  | Reached skill level 1 in Shields
  6953 | D:6      | Found a sparkling altar of Nemelex Xobeh.
  6955 | D:6      | Found a radiant altar of Vehumet.
  7202 | D:6      | Found a snail-covered altar of Cheibriados.
  7202 | D:6      | Found a glowing silver altar of Zin.
  7830 | D:7      | Reached XP level 10. HP: 66/76 MP: 11/11
  7844 | D:7      | Found a staircase to the Ecumenical Temple.
  7875 | Temple   | Entered the Ecumenical Temple
  8916 | D:8      | Noticed a manticore
  8930 | D:8      | HP: 1/79 [manticore (8)]
  8934 | D:8      | Killed from afar by a manticore

Skill      XL: |  1  2  3  4  5  6  7  8  9 10 |
---------------+-------------------------------+-----
Maces & Flails | 3 4 6 9 10 11 | 11.8
Fighting       | 4 6 7 |  7.0
Shields        | 4 |  4.0
Armour         | |  2.1
Dodging        | |  0.8
Invocations    | |  2.1

Action                   |  1- 3 |  4- 6 |  7- 9 | 10-12 || total
-------------------------+-------+-------+-------+-------++-------
Melee: Mace              |    98 |   212 |   784 |   114 ||  1208
Invok: Depart the Abyss  |     1 |       |       |       ||     1
       Bend Space        |       |       |       |     1 ||     1
 Abil: Dig               |       |     2 |     7 |     1 ||    10
       Shaft Self        |       |       |       |     1 ||     1
Evoke: Wand              |       |       |     3 |     2 ||     5
  Use: Scroll            |       |       |    21 |     4 ||    25
       Potion            |       |       |     1 |     2 ||     3
 Stab: Paralysed         |       |     1 |       |       ||     1
       Confused          |       |       |     4 |       ||     4
  Eat: Chunk             |     2 |     6 |    17 |       ||    25
       Meat ration       |       |       |       |     1 ||     1
Armor: Leather armour    |     5 |       |       |       ||     5
       Ring mail         |     5 |       |       |       ||     5
       Chain mail        |    36 |   131 |   409 |    62 ||   638
Dodge: Dodged            |    37 |    72 |   254 |    24 ||   387
Block: Other             |     7 |    49 |       |       ||    56
       Reflection        |       |     1 |       |       ||     1
       Buckler           |       |       |    36 |    17 ||    53
